 Dungeon Crawl Stone Soup version 0.28.0-45-g0d030f2227 (webtiles) character file.

Game seed: 9074363963963439385

9908 Eitelfritz the Basher (level 11, -1/142 HPs)
             Began as a Minotaur Gladiator on Apr 6, 2022.
             Was a High Priest of Okawaru.
             Slain by a sun demon (16 damage)
             ... summoned by a kobold demonologist
             ... on level 9 of the Dungeon.
             The game lasted 00:23:09 (11339 turns).

Eitelfritz the Basher (Minotaur Gladiator)         Turns: 11339, Time: 00:23:09

Health: -1/142     AC: 19    Str: 20    XL:     11   Next: 29%
Magic:  3/3        EV: 12    Int:  7    God:    Okawaru [*****.]
Gold:   557        SH:  0    Dex: 13    Spells: 10/10 levels left

rFire   . . .      SeeInvis .   a - +2 eveningstar (antimagic)
rCold   + . .      Faith    .   (no shield)
rNeg    . . .      Spirit   .   r - +4 scale mail {rPois}
rPois   +          Reflect  .   c - +0 hat
rElec   .          Harm     .   L - +0 cloak
rCorr   .          Rampage  .   I - +0 pair of gloves
Will    .....                   (no boots)
Stlth   ..........              f - amulet of the acrobat
HPRegen 0.33/turn               i - ring of protection from cold
MPRegen 0.08/turn               u - +4 ring of protection

@: berserking (expiring), very quick
A: horns 2, retaliatory headbutt
a: Renounce Religion, Heroism, Finesse, Duel


You were on level 9 of the Dungeon.
You worshipped Okawaru.
Okawaru was extremely pleased with you.
You visited 2 branches of the dungeon, and saw 10 of its levels.

You collected 557 gold pieces.

Inventory:

Hand Weapons
 a - a +2 antimagic eveningstar (weapon)
 b - a +0 shortbow
 G - a +5 flail of protection
 M - the +5 mace "Xosom" {drain, *Rage rElec Dex+6}
   (You found it on level 9 of the Dungeon)

   A truly terrible weapon, it drains the life of any living foe it strikes.
   Dex:       It affects your dexterity (+6).
   rElec:     It insulates you from electricity.
   *Rage:     It berserks you when you make melee attacks (+20% chance).
Missiles
 A - 73 arrows
 B - 2 boomerangs (quivered)
 H - 14 poisoned darts
Armour
 c - a +0 hat (worn)
 n - a +0 ring mail of fire resistance
 r - a +4 scale mail of poison resistance (worn)
 z - a +2 chain mail of willpower
 I - a +0 pair of gloves (worn)
 L - a +0 cloak (worn)
 N - +0 steam dragon scales
Magical Staves
 m - a staff of poison
Jewellery
 f - an amulet of the acrobat (around neck)
 i - a ring of protection from cold (left hand)
 u - a +4 ring of protection (right hand)
 F - a +4 ring of protection
 O - a +6 ring of intelligence
Wands
 g - a wand of acid (6)
 v - a wand of polymorph (18)
 x - a wand of mindburst (27)
 y - a wand of flame (2)
 J - a wand of digging (5)
 K - a wand of iceblast (6)
Scrolls
 d - a scroll of identify
 h - a scroll of enchant weapon
 k - 4 scrolls of teleportation
 q - a scroll of amnesia
Potions
 e - 2 potions of brilliance
 l - a potion of invisibility
 o - a potion of heal wounds {unknown}
 p - 3 potions of degeneration {unknown}
 s - 2 potions of cancellation
 t - a potion of mutation {unknown}
 w - a potion of curing
 C - 2 potions of attraction
 D - a potion of might {unknown}
 E - a potion of ambrosia {unknown}


   Skills:
 + Level 8.8 Fighting
 + Level 13.8 Maces & Flails
 + Level 6.5 Bows
 + Level 2.2 Throwing
 + Level 9.5 Armour
 + Level 6.9 Dodging
 + Level 2.3 Stealth


You had 10 spell levels left.
You didn't know any spells.
Your spell library contained the following spells:

 Spells                   Type           Power      Damage    Failure   Level
 Beastly Appendage        Tmut           0%         N/A       75%         1
 Slow                     Hex            0%         N/A       75%         1
 Sublimation of Blood     Necr           0%         N/A       86%         2
 Wereblood                Tmut           0%         N/A       86%         2
 Confusing Touch          Hex            0%         N/A       98%         3
 Spider Form              Tmut/Pois      0%         N/A       98%         3
 Vampiric Draining        Necr           0%         2d6       98%         3
 Summon Hydra             Summ           Unusable   N/A       N/A         7

Dungeon Overview and Level Annotations

Branches:
Dungeon (9/15)             Temple (1/1) D:6            Lair (0/6) D:8
    Orc (0/2) D:9

Altars:
Ashenzari
Cheibriados
Dithmenos
Elyvilon
Fedhas
Gozag
Hepliaklqana
Kikubaaqudgha
Makhleb
Nemelex Xobeh
Okawaru
Qazlal
Ru
Sif Muna
Trog
Uskayaw
Vehumet
Wu Jian
Xom
Yredelemnul
Zin
The Shining One


Innate Abilities, Weirdness & Mutations

You have a pair of horns on your head.
You reflexively headbutt those who attack you in melee.


Message History

You closely miss the sun demon.
The sun demon is heavily wounded.
The two-headed ogre hits you but does no damage.
The two-headed ogre barely misses you. The sun demon hits you.
* * * LOW HITPOINT WARNING * * *
You are engulfed in flames!
* * * LOW HITPOINT WARNING * * *
You bludgeon the two-headed ogre!!
You kill the two-headed ogre!
Okawaru accepts your kill.
The sun demon hits you but does no damage.
You impale the hornet!!
The hornet is heavily wounded.
The hornet stings you!
* * * LOW HITPOINT WARNING * * *
You feel yourself slow down.
You closely miss the hornet. You headbutt the hornet!
The hornet is almost dead.
You feel yourself speed up. The sun demon barely misses you.
The hornet completely misses you.
You completely miss the hornet. Your headbutt misses the hornet.
The hornet is almost dead.
The hornet stings you but does no damage.
The sun demon closely misses you.
You hit the hornet.
The hornet is almost dead.
The hornet stings you but does no damage.
You closely miss the hornet.
The hornet is almost dead.
The sun demon misses you.
The kobold demonologist looks encouraged for a moment.
The hornet stings you.
* * * LOW HITPOINT WARNING * * *
You feel yourself slow down.
You barely miss the hornet. Your headbutt misses the hornet.
The hornet is almost dead.
You feel yourself speed up.
A centaur warrior comes into view.
The sun demon hits you!
You die...

+........#)......#..########.....
#.......[รท)####..#..#............
#.......#### #..#..#............
......### #..#).#.########...
.....## #..#..#.# #..# .....#
#..#..#.# #..# ....##
#..#..#.########... ....#
#..#..#............ ....# #
#.@#..#.########### ...## ####.
#3y#..#.# # ...#
....5.#.K...#.########### ...#
...5..c.....#............
##.##################............
#......... ######..#####
#......... #..# #.........
.#######..##### #.........
...............


You could see a centaur warrior (wandering), a sun demon (summoned), a kobold
demonologist and a hornet.

Vanquished Creatures
  2 two-headed ogres (D:9)
  Maurice (D:9)
  Psyche (D:8)
  2 trolls (D:9)
  3 hornets
  2 wraiths
  6 yaks (D:9)
  Grum (D:8)
  6 wyverns
  2 steam dragons
  Menkaure (D:7)
  Duvessa (D:7)
  A hornet zombie (D:8)
  9 water moccasins
  3 orc warriors (D:9)
  3 black bears
  A necrophage (D:7)
  2 ogres
  4 centaurs
  6 wolves (D:8)
  5 bullfrogs
  A kobold brigand (D:9)
  2 scorpions
  A wyvern skeleton (D:7)
  Dowan (D:7)
  A water moccasin skeleton (D:6)
  4 killer bees
  2 howler monkeys
  2 hounds
  2 centaur skeletons
  5 orc priests
  6 jellies
  A bullfrog skeleton (D:6)
  Ijyb (D:3)
  4 iguanas
  8 orc wizards
  Terence (D:2)
  A howler monkey zombie (D:9)
  4 adders
  2 shadow imps
  A white imp (D:5)
  2 ufetubi (D:5)
  An adder skeleton (D:4)
  A worm (D:4)
  3 dart slugs
  25 orcs
  6 ball pythons
  6 bats
  4 endoplasms
  6 giant cockroaches
  9 goblins
  4 hobgoblins
  9 kobolds
  3 quokkas (D:1)
  6 frilled lizards
  5 rats
202 creatures vanquished.

Vanquished Creatures (others)
  7 plants (D:8)
7 creatures vanquished.

Grand Total: 209 creatures vanquished

Notes
Turn   | Place    | Note
-------+----------+-------------------------------------------
     0 | D:1      | Eitelfritz the Minotaur Gladiator began the quest for the
                  | Orb.
     0 | D:1      | Reached XP level 1. HP: 18/18 MP: 0/0
   262 | D:1      | Reached XP level 2. HP: 25/25 MP: 1/1
   415 | D:1      | Found a faded altar of an unknown god.
   425 | D:1      | Reached skill level 4 in Maces & Flails
   769 | D:1      | Reached XP level 3. HP: 30/30 MP: 2/2
  1338 | D:2      | Reached skill level 1 in Armour
  1361 | D:2      | Noticed Terence
  1374 | D:2      | Killed Terence
  1375 | D:2      | Reached XP level 4. HP: 31/37 MP: 3/3
  1645 | D:2      | You fall into a shaft and drop 1 floor!
  2335 | D:3      | Noticed Ijyb
  2353 | D:3      | Killed Ijyb
  2354 | D:3      | Reached skill level 5 in Maces & Flails
  2523 | D:3      | Reached skill level 1 in Stealth
  2523 | D:3      | Reached XP level 5. HP: 39/45 MP: 4/4
  2950 | D:4      | Noticed an ogre
  2958 | D:4      | Killed an ogre
  2985 | D:4      | Reached skill level 6 in Maces & Flails
  2985 | D:4      | Reached XP level 6. HP: 43/51 MP: 5/5
  3889 | D:4      | Found a white marble altar of Elyvilon.
  4176 | D:5      | Entered Level 5 of the Dungeon
  4201 | D:5      | Noticed a water moccasin
  4325 | D:5      | Reached skill level 7 in Maces & Flails
  4325 | D:5      | Reached XP level 7. HP: 56/58 MP: 6/6
  4675 | D:6      | Found a staircase to the Ecumenical Temple.
  4675 | D:6      | Noticed a steam dragon
  4689 | D:6      | Killed a steam dragon
  4690 | D:6      | Reached skill level 8 in Maces & Flails
  4870 | D:6      | Reached skill level 5 in Armour
  4870 | D:6      | Reached XP level 8. HP: 65/67 MP: 7/7
  4873 | D:6      | Reached skill level 5 in Dodging
  5197 | Temple   | Entered the Ecumenical Temple
  5475 | Temple   | Became a worshipper of Warmaster Okawaru
  5810 | D:5      | Reached skill level 9 in Maces & Flails
  6243 | D:7      | Noticed Menkaure
  6251 | D:7      | Killed Menkaure
  6252 | D:7      | Reached skill level 5 in Fighting
  6483 | D:7      | Reached * piety under Okawaru
  6506 | D:7      | Reached skill level 10 in Maces & Flails
  6729 | D:7      | Reached skill level 1 in Bows
  6785 | D:7      | Noticed Dowan
  6786 | D:7      | Noticed Duvessa
  6791 | D:7      | Killed Dowan
  6792 | D:7      | Reached XP level 9. HP: 64/74 MP: 8/8
  6800 | D:7      | Killed Duvessa
  7206 | D:7      | Reached ** piety under Okawaru
  7481 | D:7      | Identified a scroll of acquirement
  7481 | D:7      | Acquired a +2 antimagic eveningstar
  7757 | D:8      | Noticed Grum
  8191 | D:8      | Reached skill level 11 in Maces & Flails
  8252 | D:8      | Noticed Psyche
  8263 | D:8      | Killed Psyche
  8281 | D:8      | Killed Grum
  8281 | D:8      | Reached *** piety under Okawaru
  8521 | D:8      | Reached XP level 10. HP: 67/84 MP: 3/9
  8628 | D:8      | Reached **** piety under Okawaru
  8629 | D:8      | Reached skill level 12 in Maces & Flails
  8662 | D:8      | Found a staircase to the Lair.
  9894 | D:9      | Noticed Maurice
  9902 | D:9      | Killed Maurice
  9928 | D:9      | Found a staircase to the Orcish Mines.
  9933 | D:9      | Identified the +5 mace "Xosom" {drain, *Rage rElec Dex+6}
 10110 | D:9      | Reached skill level 5 in Bows
 10258 | D:9      | Reached skill level 13 in Maces & Flails
 10412 | D:9      | Reached ***** piety under Okawaru
 10588 | D:9      | Reached XP level 11. HP: 57/94 MP: 3/10
 10588 | D:9      | Identified the +2 crystal plate armour of the Six Howling
                  | Youths {rC- Int+2 Dex+5} (Okawaru gifted it to you on level
                  | 9 of the Dungeon)
 10588 | D:9      | Received a gift from Okawaru
 10958 | D:9      | Noticed a two-headed ogre
 10972 | D:9      | Killed a two-headed ogre
 11313 | D:9      | Noticed a two-headed ogre
 11325 | D:9      | Noticed a sun demon
 11333 | D:9      | Killed a two-headed ogre
 11339 | D:9      | Noticed a centaur warrior
 11339 | D:9      | Slain by a sun demon

Illustrated notes

Levels and vault maps discovered:
D:1:      dpeg_arrival_round_b, layout_basic, hellmonk_ecumenical_altar_run_dry,
          serial_glass, glass_columns_a, glass_columns_a, minmay_octomino_c4
D:2:      layout_basic, kennysheep_flooded_box, uniq_terence
D:3:      layout_loops_corners, uniq_ijyb
D:4:      layout_layer_cave, elyvilon_altar_3
D:5:      layout_rooms, abandoned_shop
D:6:      layout_basic, minmay_temple_entry_water_ring,
          nicolae_fountain_basement
D:7:      layout_cave_pods, uniq_menkaure, uniq_duvessa
D:8:      layout_gridville, minmay_lair_entry_grove, uniq_psyche, uniq_grum
D:9:      minmay_quarter_circles, layout_long_grid, orc_0_dummy, uniq_maurice
Temple:   roderic_octagonal_lattice_temple

Skill      XL: |  1  2  3  4  5  6  7  8  9 10 |
---------------+-------------------------------+-----
Maces & Flails | 4 5 6 7 8 10 11 13 | 13.8
Armour         | 1 2 3 5 6 7 9 |  9.5
Dodging        | 4 5 6 |  6.9
Fighting       | 3 4 5 6 8 |  8.8
Stealth        | 1 2 |  2.3
Bows           | 1 4 6 |  6.5
Throwing       | |  2.2

Action                   |  1- 3 |  4- 6 |  7- 9 | 10-12 || total
-------------------------+-------+-------+-------+-------++-------
Melee: Flail             |    68 |    84 |   130 |       ||   282
       Headbutt          |    13 |    17 |    41 |    45 ||   116
       Punch             |       |     1 |     1 |     4 ||     6
       Eveningstar       |       |       |    67 |   225 ||   292
 Fire: Shortbow          |       |       |    46 |    24 ||    70
Throw: Throwing net      |     2 |       |       |     1 ||     3
  Use: Scroll            |       |     8 |     5 |     3 ||    16
       Potion            |       |       |     2 |     3 ||     5
Armor: Leather armour    |    15 |       |       |       ||    15
       Ring mail         |     7 |       |       |       ||     7
       Scale mail        |       |    38 |   113 |   112 ||   263
Dodge: Dodged            |    48 |    63 |   149 |   150 ||   410
